AoeStats
← Negro Lucas

Arabian Desert

509003305Analyzed
1v1 RM · 7d ago on Sep 25, 2026· 34m 4s· 2 players
Game mode
Random Map
Map size
Tiny (2 player)
Population
200
Speed
Normal
Resources
Standard
Victory
Conquest
Starting age
Dark Age
Ending age
Imperial Age
RankedLock teamsTeams togetherTeam positionsShared explorationLock speedFull tech treeHidden civsTurbo modeCheats
Victory
Defeat
🇦🇷 Khmer · Argentina
564
+16
🇨🇳 Chinese · China
564
-16
Negro Lucas
10:04 Feudal Age
21:37 Castle Age
19:35 Fletching
19:56 Forging
19:44 Horse Collar
20:00 Gold Mining
21:25 Double-Bit Axe
21:50 Padded Archer Armor
21:58 Scale Barding Armor
23:19 Crossbowman
23:21 Elite Skirmisher
26:06 Bloodlines
26:47 Bodkin Arrow
29:01 Stone Mining
31:29 Iron Casting
31:09 Leather Archer Armor
33:16 Chain Barding Armor
1428651756
3:52 Loom
12:24 Feudal Age
12:46 Horse Collar
12:55 Double-Bit Axe
16:06 Gold Mining
19:08 Man-at-Arms
31:47 Town Watch
Connection lost

Rejoining the realm…

Still unreachable

The connection could not be restored.

Session expired

The server has moved on; the page needs a fresh start.